 Dungeon Crawl Stone Soup version 0.31-a0-675-g238779eb0a (webtiles) character file.

Game seed: 11155708280880189780

158 qw the Shooter (level 5, -1/32 HPs)
             Began as a Gargoyle Hunter on Sept 5, 2023.
             Slain by an iguana (8 damage)
             ... on level 4 of the Dungeon.
             The game lasted 00:00:55 (1965 turns).

qw the Shooter (Gargoyle Hunter)                    Turns: 1965, Time: 00:00:55

Health: -1/32      AC: 10    Str: 18    XL:     5   Next: 40%
Magic:  5/5        EV: 11    Int:  9    God:
Gold:   915        SH:  0    Dex: 15    Spells: 4/4 levels left

rFire   . . .        Y - +1 shortbow
rCold   . . .        (shield currently unavailable)
rNeg    + . .        h - +0 ring mail
rPois   inf          (no helmet)
rElec   +            (no cloak)
rCorr   .            p - +0 pair of gloves
SInv    .            (no boots)
Will    .....        (no amulet)
Stlth   +            k - ring of Uvyskah {+Blink rPois Str+3}
HPRegen 0.25/turn    (no ring)
MPRegen 0.09/turn

%: no passive effects
@: no status effects
A: sickness immunity, AC +4, negative energy resistance 1, electricity
resistance, torment resistance 1, petrification resistance
a: Evoke Blink


You were on level 4 of the Dungeon.
You visited 1 branch of the dungeon, and saw 4 of its levels.

You collected 915 gold pieces.


Innate Abilities, Weirdness & Mutations

You are immune to sickness and miasma.
Your stone body is resilient. (AC +4)
You are immune to poison.
You resist negative energy. (rN+)
You are resistant to electric shocks. (rElec)
You are resistant to unholy torment.
You are immune to petrification.


   Skills:
 + Level 3.2 Fighting
 - Level 6.0 Ranged Weapons
 - Level 1.0 Armour
 - Level 1.5 Dodging
 - Level 1.1 Stealth


You had 4 spell levels left.
You didn't know any spells.
Your spell library was empty.

Inventory:

Hand Weapons
 Y - a +1 shortbow (weapon)
Armour
 h - a +0 ring mail (worn)
 p - a +0 pair of gloves (worn)
Jewellery
 k - the ring of Uvyskah (left hand) {+Blink rPois Str+3}
   (You found it on level 2 of the Dungeon)

   [ring of poison resistance]

   Str+3:     It affects your strength (+3).
   rPois:     It protects you from poison +Blink: It lets you blink.
Scrolls
 f - a scroll of identify
Potions
 b - 2 potions of enlightenment
 d - 2 potions of cancellation
 j - a potion of resistance
 l - a potion of attraction {unknown}
 m - a potion of might {unknown}
 o - a potion of brilliance {unknown}

Dungeon Overview and Level Annotations

Branches:
Dungeon (4/15)
 Temple: D:4-7

Altars:


Message History

The iguana hisses angrily.
A giant cockroach comes into view.
The iguana bites you!
You shoot an arrow.
The arrow hits the iguana but does no damage.
The iguana is heavily wounded.
The iguana closely misses you.
You shoot an arrow. The arrow hits the iguana.
The iguana is almost dead.
The iguana bites you.
You shoot an arrow. The arrow hits the iguana.
The iguana is almost dead.
The iguana bites you but does no damage.
You shoot an arrow. The arrow closely misses the iguana. x2
The iguana bites you but does no damage.
You shoot an arrow. The arrow hits the iguana.
You kill the iguana!
Your Ranged Weapons skill increases to level 6!
You shoot an arrow. The arrow barely misses the iguana.
The arrow barely misses the giant cockroach.
The iguana bites you.
A worm comes into view.
The iguana bites you!
You shoot an arrow. The arrow closely misses the iguana.
The arrow hits the giant cockroach.
You kill the giant cockroach!
The iguana bites you but does no damage.
You shoot an arrow. The arrow closely misses the iguana.
The iguana barely misses you.
You shoot an arrow.
The arrow hits the iguana but does no damage.
The iguana misses you.
You shoot an arrow. The arrow hits the iguana.
The iguana is lightly wounded.
The iguana bites you but does no damage.
The worm barely misses you.
You shoot an arrow. The arrow hits the iguana.
The iguana is moderately wounded.
The iguana bites you!
You die...

. .. ... #########
.... #........
..... #<.......
......####........
#.....l@w.........
###...####[.......
#... #........
#... #........ #..
#........ #.
......... #
#########


You could see a worm and an iguana.

Vanquished Creatures
  An iguana (D:4)
  4 adders
  3 gnolls (D:2)
  2 worms
  4 dart slugs
  An orc (D:3)
  8 ball pythons
  3 endoplasms
  2 giant cockroaches
  7 hobgoblins
  A quokka (D:3)
  4 bats
  A frilled lizard (D:1)
  4 goblins
  7 kobolds (D:1)
  3 rats (D:2)
55 creatures vanquished.

Notes
Turn   | Place    | Note
-------+----------+-------------------------------------------
     0 | D:1      | qw the Gargoyle Hunter began the quest for the Orb.
     0 | D:1      | Reached XP level 1. HP: 12/12 MP: 1/1
     0 | D:1      | 0 ||| qw: Version: 0.3-a-75-g829b12e
     0 | D:1      | 0 ||| qw: Game counter: 205
     0 | D:1      | 0 ||| qw: Melee chars always use a shield: true
     0 | D:1      | 0 ||| qw: God list: Okawaru
     0 | D:1      | 0 ||| qw: Allow faded altars: false
     0 | D:1      | 0 ||| qw: Do Orc after clearing Dungeon:15 true
     0 | D:1      | 0 ||| qw: Do second Lair branch before Depths: true
     0 | D:1      | 0 ||| qw: Lair rune preference: random
     0 | D:1      | 0 ||| qw: Goals: Normal
     0 | D:1      | 0 ||| PLANNING D:1-11
    31 | D:1      | Reached XP level 2. HP: 14/17 MP: 2/2
   297 | D:1      | Reached XP level 3. HP: 21/21 MP: 3/3
   379 | D:1      | Reached skill level 5 in Ranged Weapons
   582 | D:1      | 582 ||| UPGRADING to +0 ring mail.
   592 | D:1      | 592 ||| DROPPING +0 leather armour.
   593 | D:1      | 593 ||| READING scroll labelled MAQEGU OSSISM.
   593 | D:1      | Identified a scroll of acquirement
   593 | D:1      | 593 ||| ACQUIRING 760 gold pieces
   593 | D:1      | Acquired 760 gold pieces
   595 | D:1      | 595 ||| READING 2 scrolls labelled NEECANG LUILAOQO.
   596 | D:1      | 596 ||| READING 2 scrolls labelled QIKAIGY MEEKHA.
   597 | D:1      | 597 ||| READING scroll labelled FIX VUIMMUL.
   598 | D:1      | 598 ||| DROPPING scroll of butterflies.
   599 | D:1      | 599 ||| DROPPING scroll of fear.
   685 | D:2      | Reached skill level 1 in Armour
   711 | D:2      | Reached XP level 4. HP: 11/27 MP: 4/4
   714 | D:2      | Reached skill level 3 in Fighting
   789 | D:2      | 789 ||| FLEEEEING.
  1058 | D:2      | Identified the ring of Uvyskah {+Blink rPois Str+3}
  1089 | D:2      | 1089 ||| UPGRADING to ring of Uvyskah {+Blink rPois Str+3}.
  1090 | D:2      | 1090 ||| READING 2 scrolls labelled MIOCHAOHEM.
  1091 | D:2      | 1091 ||| READING scroll labelled KUFUF NEWKES.
  1092 | D:2      | 1092 ||| READING scroll labelled ONAJOSIKHLITH.
  1193 | D:2      | 1193 ||| DRINKING 2 fizzy amethyst potions.
  1194 | D:2      | 1194 ||| READING 2 scrolls of identify.
  1194 | D:2      | 1194 ||| IDENTIFYING fuming red potion
  1195 | D:2      | 1195 ||| DROPPING scroll of blinking.
  1355 | D:3      | Reached XP level 5. HP: 32/32 MP: 5/5
  1894 | D:3      | 1894 ||| UPGRADING to +0 pair of gloves.
  1899 | D:3      | 1899 ||| READING scroll labelled YWURYRIEWK.
  1900 | D:3      | 1900 ||| READING scroll labelled VIMIQYECAJ.
  1901 | D:3      | 1901 ||| READING scroll labelled HINTUZI GIEC.
  1902 | D:3      | 1902 ||| READING scroll labelled JUYCWA ZOT.
  1903 | D:3      | 1903 ||| READING scroll labelled TEPETIANUU.
  1904 | D:3      | 1904 ||| READING 4 scrolls of identify.
  1904 | D:3      | 1904 ||| IDENTIFYING sapphire potion
  1905 | D:3      | 1905 ||| READING 3 scrolls of identify.
  1905 | D:3      | 1905 ||| IDENTIFYING brown potion
  1906 | D:3      | 1906 ||| READING 2 scrolls of identify.
  1906 | D:3      | 1906 ||| IDENTIFYING smoky sapphire potion
  1907 | D:3      | 1907 ||| DROPPING potion of lignification.
  1908 | D:3      | 1908 ||| DROPPING potion of degeneration.
  1960 | D:4      | Reached skill level 6 in Ranged Weapons
  1960 | D:4      | HP: 5/32 [iguana (9)]
  1965 | D:4      | Slain by an iguana

Levels and vault maps discovered:
D:1:      erik_arrival_orb_chamber, layout_rooms, serial_curves, eino_curves_02,
          eino_curves_01, eino_curves_04, eino_curves_02, st_stairs_2
D:2:      layout_basic
D:3:      layout_loops_ring
D:4:      layout_rooms, vehumet_crystals, mainiacjoe_overflow_big_doors,
          nicolae_overflow_crystal_walls

Skill      XL: |  1  2  3  4  5 |
---------------+----------------+-----
Ranged Weapons | 5 6 |  6.0
Armour         | 1 |  1.0
Fighting       | 3 |  3.2
Dodging        | |  1.5
Stealth        | |  1.1

Action                     |  1- 3 |  4- 6 || total
---------------------------+-------+-------++-------
   Fire: Shortbow          |   108 |   100 ||   208
    Use: Scroll            |     4 |    12 ||    16
         Potion            |       |     1 ||     1
 Armour: Leather armour    |    14 |       ||    14
         Ring mail         |    12 |    49 ||    61
  Dodge: Dodged            |    38 |    34 ||    72

Table legend:
 A = Non-vault XP
 B = Vault XP
 C = Vault XP percentage of total XP
 D = Non-vault monster count
 E = Vault monster count
 F = Vault count percentage of total count
                 A         B        C        D         E       F
            +---------+---------+-------+---------+---------+-------
      Total |     223 |       4 |   1.8 |      53 |       2 |   3.6
            +---------+---------+-------+---------+---------+-------
        D:1 |      38 |       4 |   9.5 |      22 |       2 |   8.3
        D:2 |     100 |       0 |   0.0 |      18 |       0 |   0.0
        D:3 |      48 |       0 |   0.0 |      11 |       0 |   0.0
        D:4 |      37 |       0 |   0.0 |       2 |       0 |   0.0
            +---------+---------+-------+---------+---------+-------
